 Dungeon Crawl Stone Soup version 0.17.1-3-g152610e (webtiles) character file.

1052 pipel the Cleaver (level 8, -5/75 HPs)
             Began as a Deep Dwarf Gladiator on Mar 20, 2016.
             Slain by an orc warrior
             ... wielding a +0 short sword
              (11 damage)
             ... on level 6 of the Dungeon.
             The game lasted 00:13:52 (1511 turns).

pipel the Cleaver (Deep Dwarf Gladiator)            Turns: 1511, Time: 00:13:52

Health: -5/75      AC:  7    Str: 21    XL:     8   Next: 5%
Magic:  8/8        EV: 11    Int:  9    God:
Gold:   201        SH:  5    Dex: 13    Spells: 0 memorised, 7 levels left

rFire  . . .     SeeInvis .     a - +0 war axe
rCold  . . .     Clarity  .     l - +0 ring mail
rNeg   . . .     SustAt   .     t - +2 buckler
rPois  .         Gourm    .     c - +1 helmet
rElec  .         Spirit   .     (no cloak)
rCorr  .         Warding  .     (no gloves)
rMut   .         Stasis   .     (no boots)
MR     +....                    (no amulet)
Stlth  +.........               (no ring)
                                (no ring)

@: non-regenerating, somewhat resistant to hostile enchantments, very unstealthy
A: damage resistance, recharge devices, sense surroundings 1, slow regeneration
3
a: Device Recharging


You were on level 6 of the Dungeon.
You were very hungry.

You visited 1 branch of the dungeon, and saw 8 of its levels.

You collected 201 gold pieces.

Inventory:

Hand Weapons
 a - a +0 war axe (weapon)
Missiles
 g - 46 stones (quivered)
 s - 5 tomahawks of returning
Armour
 b - a +0 leather armour
 c - a +1 helmet (worn)
 l - a +0 ring mail (worn)
 t - a +2 buckler (worn)
Wands
 e - a wand of heal wounds (5)
Scrolls
 h - 5 scrolls of identify
 k - 2 scrolls of remove curse
 n - a scroll of recharging
 p - a scroll of teleportation
 q - a scroll of enchant armour
Potions
 d - a potion of degeneration
 m - a potion of curing
 r - a potion of haste
Comestibles
 f - 3 bread rations
 i - 3 meat rations


   Skills:
 + Level 5.4 Fighting
 + Level 8.7 Axes
 - Level 1.8 Throwing
 - Level 3.4 Dodging


You had 7 spell levels left.
You didn't know any spells.

Dungeon Overview and Level Annotations

Branches:
Dungeon (8/15)
 Temple: D:4-7         Lair: D:8-11

Altars:
Dithmenos
Elyvilon
Fedhas
Okawaru
Ru
Yredelemnul
Zin

Shops:
D:7 }


Innate Abilities, Weirdness & Mutations

You are resistant to damage.
You can recharge devices by infusing magical energy.
You passively map a small area around you.
You do not regenerate naturally.


Message History

You slash the orc warrior!
The orc warrior is severely wounded.
You slash the ogre!
The ogre is moderately wounded.
The ogre hits you with a giant club.
* * * LOW HITPOINT WARNING * * *
The orc warrior hits you but does no damage.
You barely miss the orc warrior.
The orc warrior is severely wounded.
You hit the ogre.
The ogre is moderately wounded.
The orc warrior hits you with a short sword.
The ogre barely misses you.
Unknown command.
You closely miss the orc warrior.
The orc warrior is severely wounded.
You hit the ogre but do no damage.
The ogre is moderately wounded.
The orc warrior hits you with a short sword!
You die...

,* #.# #.# *
* #.# #.# *,
###########.#
*
............#
#.....##..# *
*
###.....)...#
, ,
.......@###.#
###...Oo# #.#
* #.....# #..
, *,* *
###....,....
* #.### #...#
#. ##.## ** *
,* #. .# , ,
,, #. , , * *


You could see an orc warrior and an ogre.

Vanquished Creatures
  Grinder (D:5)
  A two-headed ogre (D:7)
  A centaur (D:8)
  2 necrophages
  A giant frog (D:8)
  2 orc priests (D:6)
  A quasit (D:6)
  A jelly (D:8)
  2 hounds
  An iguana (D:6)
  An orc wizard (D:5)
  A worker ant (D:6)
  2 adders
  2 worker ant zombies (D:5)
  A shadow imp (D:7)
  An adder skeleton (D:4)
  2 worms
  A giant gecko (D:2)
  5 orcs
  A ball python (D:4)
  3 giant cockroaches
  5 goblins
  3 hobgoblins
  6 jackals
  2 bats (D:2)
  A giant gecko skeleton (D:5)
  3 quokkas
  A quokka skeleton (D:8)
  2 rats
56 creatures vanquished.

Notes
Turn   | Place    | Note
--------------------------------------------------------------
     0 | D:1      | pipel the Deep Dwarf Gladiator began the quest for the Orb.
     0 | D:1      | Reached XP level 1. HP: 19/19 MP: 1/1
    87 | D:1      | Reached XP level 2. HP: 23/26 MP: 2/2
   216 | D:2      | Reached skill level 4 in Axes
   250 | D:2      | Reached XP level 3. HP: 19/32 MP: 3/3
   496 | D:5      | Entered Level 5 of the Dungeon
   529 | D:7      | Reached skill level 5 in Axes
   529 | D:7      | Reached XP level 4. HP: 23/39 MP: 4/4
   548 | D:7      | Noticed a necrophage
   562 | D:7      | Killed a necrophage
   562 | D:7      | Reached XP level 5. HP: 25/48 MP: 5/5
   592 | D:8      | Reached skill level 6 in Axes
   617 | D:8      | Reached XP level 6. HP: 28/56 MP: 6/6
   620 | D:8      | Noticed a centaur
   632 | D:8      | Killed a centaur
   651 | D:7      | Noticed a two-headed ogre
   662 | D:7      | Killed a two-headed ogre
   662 | D:7      | Reached skill level 7 in Axes
   662 | D:7      | Reached XP level 7. HP: 42/64 MP: 7/7
   743 | D:7      | Found Zauwitoa's Gadget Emporium.
   950 | D:5      | Noticed Grinder
   995 | D:5      | Paralysed by Grinder for 3 turns
  1003 | D:5      | Killed Grinder
  1003 | D:5      | Reached skill level 8 in Axes
  1180 | D:6      | Reached skill level 5 in Fighting
  1301 | D:6      | Found a white marble altar of Elyvilon.
  1363 | D:6      | Found a sacrificial altar of Ru.
  1363 | D:6      | Noticed a necrophage
  1367 | D:6      | Killed a necrophage
  1375 | D:6      | Found a blossoming altar of Fedhas.
  1375 | D:6      | Found a shadowy altar of Dithmenos.
  1375 | D:6      | Found a basalt altar of Yredelemnul.
  1381 | D:6      | Found a glowing silver altar of Zin.
  1381 | D:6      | Found an iron altar of Okawaru.
  1494 | D:6      | Reached XP level 8. HP: 30/75 MP: 8/8
  1500 | D:6      | Noticed an orc warrior
  1507 | D:6      | Noticed an ogre
  1511 | D:6      | Slain by an orc warrior

Action                   |  1- 3 |  4- 6 |  7- 9 || total
-------------------------+-------+-------+-------++-------
Melee: War axe           |    67 |    33 |    99 ||   199
Throw: Throwing net      |     2 |     2 |       ||     4
       Stone             |     1 |     2 |       ||     3
Evoke: Wand              |       |     1 |     3 ||     4
  Use: Potion            |       |     1 |       ||     1
       Scroll            |       |       |     8 ||     8
  Eat: Chunk             |       |       |     1 ||     1
